 Dungeon Crawl Stone Soup version 0.27.1 (webtiles) character file.

Game seed: 2804409303150497161

109263 funkygono the Thaumaturge (level 16, -6/90 HPs)
             Began as a Gargoyle Fire Elementalist on Sept 1, 2021.
             Was a High Priest of Vehumet.
             Killed by angry trees
             ... awakened by a spriggan druid
              (12 damage)
             ... on level 1 of the Swamp.
             The game lasted 01:50:33 (33880 turns).

funkygono the Thaumaturge (GrFE)                   Turns: 33880, Time: 01:50:33

Health: -6/90      AC: 44    Str: 20    XL:     16   Next: 51%
Magic:  29/33      EV: 11    Int: 21    God:    Vehumet [*****.]
Gold:   1694       SH:  0    Dex: 10    Spells: 10/42 levels left

rFire    . . .     SeeInvis .   L - +6 mace (protect)
rCold    . . .     Faith    .   (no shield)
rNeg     + . .     Spirit   .   s - +3 scale mail
rPois    ∞         Reflect  .   G - +1 helmet
rElec    +         Harm     .   I - +1 cloak
rCorr    .         Rampage  .   j - +1 pair of gloves
Will     +....                  z - +1 pair of boots
Stlth    +.........             f - amulet of regeneration
HPRegen  1.25/turn              h - +4 ring of protection
MPRegen  0.23/turn              E - +6 ring of strength

@: under a protective aura, flying, studying Polearms
A: sickness immunity, AC +12, big wings, negative energy resistance 1,
electricity resistance, torment resistance 1, petrification resistance
a: Renounce Religion


You were on level 1 of the Swamp.
You worshipped Vehumet.
Vehumet was extremely pleased with you.
You visited 5 branches of the dungeon, and saw 25 of its levels.

You collected 2252 gold pieces.
You spent 558 gold pieces at shops.

Inventory:

Hand Weapons
 a - the +9 staff of Olgreb {rPois∞}
   (You found it on level 8 of the Dungeon)

   If the wielder is skilled in Evocations, they can envenom those struck by it,
   dealing poison damage which bypasses armour.
   It enhances your poison magic.
   It grants immunity to poison.
   It can be evoked to radiate toxic energy, with effectiveness depending on
   Evocations skill.
 g - a +2 morningstar of draining
 o - a +1 mace of freezing
 w - a +5 flail of draining
 L - a +6 mace of protection (weapon)
 S - a +0 spectral whip
Armour
 j - a +1 pair of gloves (worn)
 r - a +0 troll leather armour
 s - a +3 scale mail (worn)
 u - a +2 buckler
 z - a +1 pair of boots (worn)
 G - a +1 helmet (worn)
 I - a +1 cloak (worn)
Magical Staves
 l - a staff of conjuration
 T - a staff of cold
Jewellery
 d - a ring of ice
 e - a +4 ring of evasion
 f - an amulet of regeneration (around neck)
 h - a +4 ring of protection (left hand)
 E - a +6 ring of strength (right hand)
 O - a +6 ring of strength
 Q - a ring of wizardry
Wands
 x - a wand of flame (76)
 C - a wand of paralysis (12)
 J - a wand of digging (1)
 K - a wand of iceblast (21)
Scrolls
 b - a scroll of summoning
 c - 8 scrolls of identify
 m - 8 scrolls of teleportation
 v - 3 scrolls of magic mapping
 y - 5 scrolls of fear
 H - 3 scrolls of amnesia
 P - a scroll of blinking
 R - a scroll of fog
Potions
 i - 2 potions of mutation
 n - a potion of magic
 p - 6 potions of brilliance
 t - 7 potions of curing
 A - 2 potions of berserk rage
 B - 2 potions of ambrosia
 D - a potion of haste
 F - 2 potions of might
 M - a potion of resistance
Miscellaneous
 V - a piece from Xom's chessboard (15/15)


   Skills:
 + Level 6.6 Fighting
 + Level 9.3 Maces & Flails
 + Level 9.1 Armour
 + Level 5.5 Dodging
 + Level 3.3 Stealth
 + Level 13.7 Spellcasting
 + Level 13.1 Conjurations
 + Level 1.3 Transmutations
 * Level 12.7 Fire Magic
 + Level 5.6 Air Magic
 + Level 1.4 Earth Magic
 * Level 7.4 Poison Magic


You had 10 spell levels left.
You knew the following spells:

 Your Spells              Type           Power      Damage    Failure   Level
a - Foxfire               Conj/Fire      100%       2x1d9     1%          1
b - Conjure Flame         Conj/Fire      62%        6-21      1%          3
c - Sticky Flame          Conj/Fire      62%        2d8       1%          4
d - Fireball              Conj/Fire      31%        3d13      1%          5
e - Sandblast             Erth           40%        2d10      1%          1
f - Ignite Poison         Fire/Tmut/Pois 44%        N/A       1%          3
g - Poisonous Vapours     Pois/Air       82%        N/A       1%          2
h - Airstrike             Air            19%        N/A       3%          4
i - Olgreb's Toxic Radia  Pois           45%        N/A       1%          4
j - Bolt of Magma         Conj/Fire/Erth 25%        4d12      1%          5

Your spell library contained the following spells:

 Spells                   Type           Power      Damage    Failure   Level
 Orb of Destruction       Conj           31%        9d12      11%         7
 Magic Dart               Conj           100%       1d8       1%          1
 Shock                    Conj/Air       100%       1d9       1%          1
 Sting                    Tmut/Pois      100%       1d8       1%          1
 Static Discharge         Conj/Air       52%        N/A       1%          2
 Inner Flame              Hex/Fire       41%        N/A       1%          3
 Mephitic Cloud           Conj/Pois/Air  50%        N/A       1%          3
 Corpse Rot               Necr/Air       N/A        N/A       4%          2
 Spider Form              Tmut/Pois      16%        N/A       5%          3
 Freezing Cloud           Conj/Ice/Air   20%        6-21      6%          5
 Animate Skeleton         Necr           28%        N/A       11%         1
 Blink                    Tloc           N/A        N/A       16%         2
 Call Imp                 Summ           14%        N/A       16%         2
 Ensorcelled Hibernation  Hex/Ice        28%        N/A       16%         2
 Gell's Gravitas          Tloc           7%         N/A       32%         3
 Lesser Beckoning         Tloc           7%         N/A       32%         3
 Teleport Other           Tloc           14%        N/A       32%         3
 Leda's Liquefaction      Hex/Erth       8%         N/A       63%         4
 Ignition                 Fire           30%        3d10      65%         8
 Dispel Undead            Necr           14%        3d10      71%         4
 Manifold Assault         Tloc           14%        N/A       96%         5
 Death Channel            Necr           7%         N/A       100%        6
 Dispersal                Tloc           7%         N/A       100%        6
 Shadow Creatures         Summ           N/A        N/A       100%        6
 Ozocubu's Refrigeration  Ice            7%         4d6       100%        7
 Statue Form              Tmut/Erth      Unusable   N/A       N/A         6

Dungeon Overview and Level Annotations

Branches:
Dungeon (15/15)            Temple (1/1) D:7            Lair (6/6) D:9
  Swamp (1/4) Lair:4       Spider (0/4) Lair:2        Slime (0/5) Lair:5
    Orc (2/2) D:9             Elf (0/3) Orc:2        Vaults (0/5) D:14
 Depths (0/5) D:15

Altars:
Ashenzari
Cheibriados
Dithmenos
Elyvilon
Fedhas
Gozag
Hepliaklqana
Kikubaaqudgha
Makhleb
Nemelex Xobeh
Okawaru
Qazlal
Ru
Sif Muna
Trog
Uskayaw
Vehumet
Wu Jian
Xom
Yredelemnul
Zin
The Shining One
Jiyva

Shops:
D:2 *   D:8 *   D:15 [   Orc:2 :[(*=

Annotations:
D:14 2 transporters, Nerown's ghost, journeyman GrEE
Lair:6 exclusion: obsidian statue


Innate Abilities, Weirdness & Mutations

You are immune to sickness and miasma.
Your stone body is resilient. (AC +12)
You are immune to poison.
Your large and strong wings let you fly.
You resist negative energy. (rN+)
You are resistant to electric shocks. (rElec)
You are resistant to unholy torment.
You are immune to petrification.


Message History

Aiming: Sticky Flame (safe; 1% risk of failure)
Press: ? - help, Shift-Dir - straight line, f/p - bunyip
Aim: a bunyip (severely wounded, 100% to hit)
The sticky flame hits the bunyip.
The bunyip is almost dead.
The bunyip is covered in liquid flames!
The bunyip burns!
Unknown command.
You hit the bunyip.
The bunyip is almost dead.
The bunyip burns!
The bunyip claws you!
* * * LOW HITPOINT WARNING * * *
The bunyip barely misses you. The bunyip claws you!
* * * LOW HITPOINT WARNING * * *
You hit the bunyip but do no damage.
The bunyip is almost dead.
You hit the bunyip.
You kill the bunyip!
Vehumet accepts your kill.
You feel your power returning.
An eleionoma comes into view.
You sock the spriggan druid!
The spriggan druid is moderately wounded.
The spriggan druid casts a spell.
The forest starts to sway and rumble!
Casting: Sticky Flame (safe; 1% risk of failure)
Confirm with . or Enter, or press ? or * to list all spells.
Aiming: Sticky Flame (safe; 1% risk of failure)
Press: ? - help, Shift-Dir - straight line, f - spriggan druid
Aim: a spriggan druid, wielding a +0 quarterstaff and wearing a +0 robe (moderately wounded, 100% to hit)
The sticky flame hits the spriggan druid.
The spriggan druid is heavily wounded.
The spriggan druid is covered in liquid flames!
The spriggan druid burns!
You are hit by a branch.
* * * LOW HITPOINT WARNING * * *
The spriggan druid gestures at you while chanting.
The stone arrow hits you but does no damage.
You barely miss the spriggan druid.
The spriggan druid is severely wounded.
The spriggan druid burns!
A tree reaches out and hits you!
You die...

♣♣♣ ♣♣≈♣♣ ♣♣♣♣♣ ♣.≈.♣♣ ♣≈.≈♣ ≈
♣.≈≈.♣♣♣♣.@≈♣♣♣ ≈. ♣♣
♣♣.......i♣♣♣≈♣♣ ♣♣♣♣♣♣
.!♣♣≈♣♣♣.≈..≈≈≈†..x..♣♣♣♣♣...≈♣♣♣
≈≈....♣..≈≈≈≈≈≈≈≈..≈..≈≈♣♣≈≈≈.♣≈≈
≈≈≈≈≈.♣.≈≈≈≈≈≈≈≈≈≈.≈.....♣≈≈≈.≈..
≈≈≈≈≈.♣.≈≈≈R≈≈≈§≈≈....♣..≈♣≈R....
≈≈≈≈≈.♣≈..≈≈≈§≈≈≈≈≈.....w.w...≈≈≈
≈≈.≈≈.≈♣≈.≈§≈≈≈≈≈≈≈≈..§≈≈≈≈..x≈≈≈
♣♣♣≈≈≈≈...)≈≈≈≈≈≈§≈≈...≈≈≈≈i≈≈[..


You could see an eleionoma and a spriggan druid (burning).

Vanquished Creatures
  2 bunyips (Swamp:1)
  A deep elf annihilator (D:15)
  5 dire elephants
  A fire dragon (D:14)
  Fannar (Orc:1)
  A catoblepas (Lair:3)
  9 hydras
  4 vault guards (D:14)
  2 ogre magi (D:15)
  Erica (D:11)
  9 two-headed ogres
  A dancing weapon (D:10)
  2 death yaks (Lair:6)
  2 alligators (Swamp:1)
  4 centaur warriors
  The ghost of jujucrawl the Cleaver, a novice DsBe of Trog (D:10)
  A deep elf knight (D:15)
  3 orc high priests (Orc:2)
  Sonja (Lair:2)
  4 spriggans (Swamp:1)
  A spectral death yak (Lair:6)
  4 skeletal warriors (D:15)
  A spriggan druid (Swamp:1)
  A spectral anaconda (Lair:6)
  A goliath frog (Swamp:1)
  A deep elf archer (D:15)
  A swamp dragon (Swamp:1)
  4 necromancers (Lair:6)
  A wizard (D:15)
  5 lindwurms
  2 deep elf zephyrmancers (D:15)
  4 harpies (D:15)
  7 orc knights
  4 cyclopes
  An oklob plant (Lair:2)
  A will-o-the-wisp (Swamp:1)
  4 orc sorcerers
  A wolf spider (D:15)
  A deep elf pyromancer (D:12)
  2 manticores
  2 ugly things
  A salamander (D:15)
  4 black mambas
  4 elephants (Lair:6)
  A guardian serpent (shapeshifter) (D:15)
  A guardian serpent (D:12)
  The ghost of jujucrawl the Poker, a novice MfGl (D:5)
  Maggie (D:10)
  A torpor snail (Lair:6)
  An unseen horror (D:12)
  2 gargoyles
  7 cane toads
  2 rime drakes (Lair:5)
  19 komodo dragons
  3 efreet
  A tengu conjurer (D:14)
  2 polar bears (Lair:6)
  10 trolls
  A bloated husk (Swamp:1)
  A jumping spider (shapeshifter) (D:11)
  5 hornets
  Grinder (D:2)
  A wind drake (shapeshifter) (D:14)
  11 blink frogs
  10 dream sheep
  13 slime creatures
  Sigmund (D:6)
  4 wyverns
  2 redbacks (D:8)
  35 yaks
  3 vampires
  A human (D:13)
  A hog (D:13)
  7 basilisks
  3 steam dragons
  13 vampire mosquitoes
  2 wargs
  Menkaure (D:6)
  2 swamp worms (Swamp:1)
  A spectral cane toad (Lair:6)
  2 acid dragons
  37 water moccasins
  3 swamp drakes
  Duvessa (D:5)
  21 orc warriors
  2 sky beasts
  4 ice beasts
  7 wolves (Lair:2)
  15 ogres
  2 elephant skeletons (Lair:6)
  11 centaurs
  A kobold brigand (D:9)
  9 bullfrogs
  Dowan (D:5)
  A cane toad simulacrum (Lair:6)
  10 scorpions
  2 wyvern skeletons
  2 water moccasin skeletons (D:5)
  A hornet simulacrum (D:14)
  An elephant simulacrum (Lair:6)
  25 killer bees
  8 wights
  3 electric eels (Lair:6)
  4 howler monkeys
  A centaur skeleton (D:5)
  4 centaur zombies
  3 hounds
  A bullfrog skeleton (D:4)
  A gnoll shaman (D:9)
  18 orc priests
  2 jellies (D:5)
  Jessica (D:3)
  5 iguanas
  21 orc wizards
  Natasha (thrice) (D:3)
  A mummy (D:7)
  8 gnolls
  31 adders
  A white imp (D:5)
  2 worms
  2 dart slugs
  69 orcs
  7 endoplasms
  2 giant cockroaches (D:2)
  4 goblins
  7 hobgoblins
  6 quokkas
  7 ball pythons
  3 bats
  5 frilled lizards
  A hobgoblin zombie (D:7)
  16 kobolds
  A kobold zombie (D:7)
  2 orc zombies (D:7)
  7 rats
699 creatures vanquished.

Vanquished Creatures (collateral kills)
  29 foxfires
29 creatures vanquished.

Vanquished Creatures (others)
  Kirke (D:13)
  An iguana (Lair:4)
  2330 foxfires
  39 fungi
  45 plants
  28 withered plants (Lair:6)
2444 creatures vanquished.

Grand Total: 3172 creatures vanquished

Notes
Turn   | Place    | Note
-------+----------+-------------------------------------------
     0 | D:1      | funkygono the Gargoyle Fire Elementalist began the quest
                  | for the Orb.
     0 | D:1      | Reached XP level 1. HP: 10/10 MP: 3/3
   492 | D:1      | Reached XP level 2. HP: 15/15 MP: 1/5
   597 | D:1      | Found a faded altar of an unknown god.
  1204 | D:2      | Reached XP level 3. HP: 19/19 MP: 4/6
  1208 | D:2      | Learned a level 3 spell: Conjure Flame
  1845 | D:2      | Reached XP level 4. HP: 24/24 MP: 3/8
  1850 | D:2      | Learned a level 4 spell: Sticky Flame
  2322 | D:2      | Found Urphauxke's General Store.
  2330 | D:2      | Bought a scroll of teleportation for 30 gold pieces
  3013 | D:3      | Noticed Grinder
  3040 | D:2      | Paralysed by Grinder for 4 turns
  3068 | D:2      | Killed Grinder
  3069 | D:2      | Reached XP level 5. HP: 6/28 MP: 2/11
  3069 | D:2      | Reached XP level 6. HP: 8/33 MP: 2/12
  3302 | D:2      | Learned a level 5 spell: Fireball
  3357 | D:3      | Found a hide-covered altar of Uskayaw.
  3452 | D:3      | Found a blossoming altar of Fedhas.
  3687 | D:3      | Noticed Jessica
  3692 | D:3      | Killed Jessica
  3933 | D:3      | Found a white marble altar of Elyvilon.
  4045 | D:3      | Found an ornate altar of the Wu Jian Council.
  4125 | D:3      | Noticed Natasha
  4130 | D:3      | Killed Natasha
  4131 | D:3      | Reached XP level 7. HP: 37/37 MP: 9/14
  4246 | D:3      | Found a basalt altar of Yredelemnul.
  4297 | D:3      | Noticed Natasha
  4303 | D:3      | Killed Natasha
  4536 | D:3      | Noticed Natasha
  4539 | D:3      | Killed Natasha
  4540 | D:3      | Reached skill level 5 in Spellcasting
  5345 | D:4      | Found a sacrificial altar of Ru.
  5700 | D:5      | Entered Level 5 of the Dungeon
  5805 | D:5      | Noticed Duvessa
  5805 | D:5      | Noticed Dowan
  5863 | D:5      | Killed Duvessa
  5864 | D:5      | Reached skill level 5 in Fire Magic
  5864 | D:5      | Reached XP level 8. HP: 27/42 MP: 1/17
  5974 | D:5      | Killed Dowan
  6076 | D:5      | Found a snail-covered altar of Cheibriados.
  6325 | D:5      | Reached skill level 5 in Conjurations
  6685 | D:5      | Found a runed translucent gate.
  6686 | D:5      | Found a runed translucent gate.
  6687 | D:5      | Found a runed translucent gate.
  6689 | D:5      | Noticed jujucrawl's ghost (novice MfGl)
  6761 | D:5      | Found an iron altar of Okawaru.
  7259 | D:5      | Reached skill level 1 in Fighting
  7383 | D:6      | Reached XP level 9. HP: 47/47 MP: 14/19
  7569 | D:6      | Found a glowing golden altar of the Shining One.
  7809 | D:6      | Noticed Sigmund
  7818 | D:6      | Killed Sigmund
  7819 | D:6      | Reached skill level 1 in Maces & Flails
  7965 | D:6      | Noticed Menkaure
  7972 | D:6      | Killed Menkaure
  8187 | D:6      | Reached skill level 1 in Armour
  8765 | D:7      | Noticed a cyclops
  8789 | D:7      | Killed a cyclops
  9020 | D:7      | Found a staircase to the Ecumenical Temple.
  9030 | Temple   | Entered the Ecumenical Temple
  9178 | Temple   | Became a worshipper of Vehumet
  9416 | D:8      | Reached XP level 10. HP: 54/54 MP: 17/22
  9451 | D:8      | Found Iblew's General Store.
  9704 | D:8      | Found the +9 staff of Olgreb {rPois∞}
  9717 | D:8      | Found a runed translucent gate.
  9717 | D:8      | Found a runed translucent gate.
  9726 | D:8      | Found a runed translucent door.
  9736 | D:8      | Found a runed translucent gate.
  9744 | D:8      | Found a runed translucent door.
 10093 | D:9      | Noticed a lindwurm
 10172 | D:9      | Noticed a lindwurm
 10176 | D:9      | Noticed a lindwurm
 10176 | D:9      | Noticed a lindwurm
 10485 | D:9      | Reached * piety under Vehumet
 10485 | D:9      | Offered knowledge of Sandblast by Vehumet.
 10489 | D:9      | Learned a level 1 spell: Sandblast
 11069 | D:9      | Offered knowledge of Freeze by Vehumet.
 11098 | D:9      | Reached ** piety under Vehumet
 11234 | D:9      | Found a staircase to the Orcish Mines.
 11561 | D:9      | Found a staircase to the Lair.
 11943 | Lair:1   | Entered Level 1 of the Lair of Beasts
 12015 | Lair:1   | Noticed a five-headed hydra
 12034 | Lair:1   | Killed a five-headed hydra
 12035 | Lair:1   | Reached skill level 5 in Armour
 12035 | Lair:1   | Reached skill level 1 in Earth Magic
 12035 | Lair:1   | Reached XP level 11. HP: 55/60 MP: 14/24
 12478 | Lair:1   | Reached skill level 10 in Conjurations
 12498 | Lair:1   | Offered knowledge of Ignite Poison by Vehumet.
 12515 | Lair:1   | Learned a level 3 spell: Ignite Poison
 12518 | Lair:1   | Learned a level 2 spell: Poisonous Vapours
 12746 | Lair:1   | Reached skill level 5 in Maces & Flails
 12964 | Lair:2   | Reached skill level 10 in Spellcasting
 13013 | Lair:2   | Reached *** piety under Vehumet
 13241 | Lair:2   | Noticed Sonja
 13247 | Lair:2   | Killed Sonja
 13248 | Lair:2   | Reached XP level 12. HP: 66/66 MP: 20/26
 13639 | Lair:2   | Noticed a five-headed hydra
 13649 | Lair:2   | Killed a five-headed hydra
 13991 | Lair:2   | Found a hole to the Spider Nest.
 14723 | Lair:3   | Offered knowledge of Airstrike by Vehumet.
 14750 | Lair:3   | Learned a level 4 spell: Airstrike
 14811 | Lair:3   | You fall into a shaft and drop 1 floor!
 15012 | Lair:4   | Found a staircase to the Swamp.
 15604 | Lair:3   | Noticed a catoblepas
 15638 | Lair:3   | Killed a catoblepas
 15639 | Lair:3   | Reached skill level 1 in Air Magic
 16291 | Lair:4   | Reached **** piety under Vehumet
 16411 | Lair:4   | Reached XP level 13. HP: 69/70 MP: 24/28
 16842 | Lair:4   | Offered knowledge of Lee's Rapid Deconstruction by Vehumet.
 17484 | Lair:5   | Reached ***** piety under Vehumet
 17500 | Lair:5   | Offered knowledge of Fulminant Prism by Vehumet.
 17981 | Lair:5   | Found a viscous altar of Jiyva.
 17981 | Lair:5   | Found a staircase to the Slime Pits.
 18509 | D:9      | Reached skill level 10 in Fire Magic
 18737 | D:9      | Identified the ring "Piriaghe" {*Corrode rC- Int+10 Dex+6
                  | SInv}
 19015 | Lair:6   | Entered Level 6 of the Lair of Beasts
 19088 | Lair:6   | Noticed a dire elephant
 19088 | Lair:6   | Noticed a dire elephant
 19088 | Lair:6   | Noticed a dire elephant
 19089 | Lair:6   | Noticed a dire elephant
 20567 | Lair:6   | Gained mutation: Your large and strong wings let you fly.
                  | [Gargoyle growth]
 20567 | Lair:6   | Reached XP level 14. HP: 61/76 MP: 21/30
 20880 | Lair:6   | Killed a dire elephant
 20955 | Lair:6   | Killed a dire elephant
 20956 | Lair:6   | Reached skill level 5 in Fighting
 21258 | Orc:1    | Entered Level 1 of the Orcish Mines
 21299 | Orc:1    | Noticed Fannar
 21325 | Orc:1    | Killed Fannar
 21458 | Orc:2    | Entered Level 2 of the Orcish Mines
 21732 | Orc:2    | Found Ziodghe's Antique Weapon Boutique.
 22225 | Orc:2    | Found a staircase to the Elven Halls.
 23327 | Orc:2    | Found Kous's Book Shop.
 23327 | Orc:2    | Found Zyono's Armour Shoppe.
 23329 | Orc:2    | Found Ocebb's Assorted Antiques.
 23329 | Orc:2    | Found Waopi's Jewellery Shoppe.
 23345 | Orc:2    | Bought the Unrestrained Analects for 528 gold pieces
 23351 | Orc:2    | Learned a level 4 spell: Olgreb's Toxic Radiance
 23797 | Orc:1    | Reached skill level 1 in Poison Magic
 24345 | D:5      | Killed jujucrawl's ghost
 24877 | Lair:6   | Killed a dire elephant
 24877 | Lair:6   | Offered knowledge of Yara's Violent Unravelling by Vehumet.
 24991 | Lair:6   | Killed a dire elephant
 25883 | D:10     | Entered Level 10 of the Dungeon
 26028 | D:10     | Found a runed translucent door.
 26029 | D:10     | Found a shimmering altar of Xom.
 26029 | D:10     | Noticed jujucrawl's ghost (novice DsBe)
 26156 | D:10     | Found a shimmering blue altar of Sif Muna.
 26167 | D:10     | Got Sif Muna's Disquisition on Venom
 26169 | D:10     | Got Sif Muna's Collected Works on Feathers
 26171 | D:10     | Got Sif Muna's Incunabulum of Necromancy
 26215 | D:10     | Noticed Maggie
 26229 | D:10     | Killed Maggie
 26374 | D:10     | Found a broken altar of Ashenzari.
 26666 | D:10     | Killed jujucrawl's ghost
 26701 | D:10     | Reached skill level 5 in Air Magic
 26852 | D:11     | Reached XP level 15. HP: 16/82 MP: 25/31
 27272 | D:11     | Noticed Erica
 27295 | D:11     | Killed Erica
 28053 | D:12     | Reached skill level 5 in Dodging
 28996 | D:13     | Offered knowledge of Irradiate by Vehumet.
 29128 | D:13     | Noticed Kirke
 29152 | D:13     | Killed Kirke
 29223 | D:13     | You are sucked into a shaft and drop 2 floors!
 29223 | D:15     | Entered Level 15 of the Dungeon
 29223 | D:15     | Found Vujisapn's Armour Emporium.
 29736 | D:15     | Reached skill level 5 in Poison Magic
 29748 | D:15     | Paralysed by an ogre mage for 2 turns
 29940 | D:15     | Paralysed by an ogre mage for 5 turns
 29949 | D:15     | Reached skill level 1 in Transmutations
 30432 | D:15     | Reached XP level 16. HP: 83/88 MP: 26/33
 30773 | D:15     | Found a staircase to the Depths.
 30857 | D:15     | Found a glowing silver altar of Zin.
 31261 | D:14     | Found a gate to the Vaults.
 31630 | D:14     | Found a transporter.
 31632 | D:14     | Found a transporter.
 31636 | D:14     | Noticed Nerown's ghost (journeyman GrEE)
 31637 | D:14     | Found a bloodstained altar of Trog.
 32426 | D:13     | Found an opulent altar of Gozag.
 32654 | D:13     | Learned a level 5 spell: Bolt of Magma
 33391 | Swamp:1  | Entered Level 1 of the Swamp
 33443 | Swamp:1  | Offered knowledge of Orb of Destruction by Vehumet.
 33880 | Swamp:1  | Killed from afar by a spriggan druid

Illustrated notes

Levels and vault maps discovered:
D:1:      elethiomel_arrival_infinity_welcomes_careful_drivers, layout_basic,
          ebering_ecumenical_altar_sacrificial, amethyst_killhole,
          minmay_misc_feat_columns
D:2:      layout_loops_corners, serial_shops, nicolae_square_shop,
          minmay_hedge_maze, kennysheep_boxes
D:3:      layout_basic, mainiacjoe_overflow_brackets, elyvilon_altar_5,
          nzn_wu_jian_council_hall, chequers_temple_overflow_statue_of_worship,
          kennysheep_generic_room_12, uniq_natasha, uniq_grinder, uniq_jessica
D:4:      layout_loops_corners, nicolae_ru_sacrificial_ziggurat,
          serial_aquarium, aquarium_bridge_square [aquarium_subvault_bridge,
          aquarium_subvault_wall, aquarium_subvault_bridge,
          aquarium_subvault_bridge], aquarium_window_1, aquarium_window_fake,
          aquarium_window_2, aquarium_view_2a, aquarium_view_2c,
          wad_floor_pattern_untrapped, ebering_dispersal_statue_hall
D:5:      layout_basic, okawaru_ov_weapons_minmay, cheibrodos_worm_habitat,
          gammafunk_ghost_necromancy, lemuel_flame_loot_1, uniq_duvessa
D:6:      layout_loops_cross, nicolae_overflow_crystal_walls,
          kennysheep_generic_room_14, uniq_sigmund, uniq_menkaure
D:7:      layout_cave_pools, minmay_temple_entry_poolview, minmay_mini_ossuary
D:8:      layout_loops_cross, nicolae_stop_n_shop_1,
          minmay_guarded_unrand_staff_of_olgreb
D:9:      layout_roguey, lair_entry_dummy, erik_orc_1, minmay_lindwurm_lava
D:10:     layout_rooms, nicolae_sif_muna_little_library, kennysheep_mini_moat,
          ebering_ghost_xom, uniq_maggie
D:11:     layout_cave_pools, uniq_erica
D:12:     layout_layer_cave, nrook_guardian_serpent_double
D:13:     layout_rooms, grunt_gozag_breadcrumbs, uniq_kirke
D:14:     layout_basic, lightli_vaults_fourway_checkpoint,
          gammafunk_ghost_wrathful_warriors
D:15:     hangedman_depths_entry_try_elsewhere_first, layout_basic,
          serial_shops, shop, zin_treasury
Temple:   minmay_temple_curvy_loop
Lair:1:   layout_big_grid
Lair:2:   beast_lair_carwin_large_3, layout_chaotic_city, dummy_spider_entry,
          minmay_lair_oklob_items, uniq_sonja
Lair:3:   layout_small_grid, chequers_serial_rivers_small_a, minivault_11
Lair:4:   lemuel_reptile_caves, layout_regular_city,
          minmay_swamp_entry_reptiles, serial_rivers,
          chequers_serial_rivers_marsh, chequers_serial_rivers_micro_b,
          chequers_serial_rivers_room_a, chequers_serial_rivers_room_a,
          chequers_serial_rivers_room_b, infiniplex_staircase_pool
Lair:5:   layout_cave_shapes, dpeg_slime_entry_enclosed_altar
Lair:6:   due_jungle_book, layout_small_grid, serial_bayou_lake_a
Swamp:1:  layout_basic_swamp, nicolae_swamp_fairy_circle
Orc:1:    layout_caves, uniq_fannar
Orc:2:    grunt_orc_tribal_feast, layout_caves, serial_shops, shop

Skill      XL: |  1  2  3  4  5  6  7  8  9 10 11 12 13 14 15 16 |
---------------+-------------------------------------------------+-----
Spellcasting   | 3 4 6 7 8 9 10 11 12 13 | 13.7
Conjurations   | 3 4 6 7 9 10 11 12 13 | 13.1
Dodging        | 2 3 4 5 |  5.5
Fire Magic     | 4 5 6 7 9 10 11 12 | 12.7
Fighting       | 1 2 3 4 5 6 |  6.6
Maces & Flails | 2 4 5 6 8 9 |  9.3
Armour         | 2 5 7 8 9 |  9.1
Earth Magic    | 1 |  1.4
Air Magic      | 1 3 5 |  5.6
Poison Magic   | 2 6 7 |  7.4
Transmutations | 1 |  1.3
Stealth        | 3 |  3.3

Action                   |  1- 3 |  4- 6 |  7- 9 | 10-12 | 13-15 | 16-18 || total
-------------------------+-------+-------+-------+-------+-------+-------++-------
Melee: Unarmed           |     1 |       |       |       |    13 |       ||    14
       Mace              |       |    14 |    17 |   104 |  1024 |   150 ||  1309
       Flail             |       |       |    51 |   253 |       |       ||   304
 Cast: Foxfire           |    62 |    80 |   177 |   356 |   617 |    65 ||  1357
       Sticky Flame      |       |       |    11 |    56 |   172 |    20 ||   259
       Sandblast         |       |       |       |     4 |     3 |       ||     7
       Fireball          |       |       |       |    14 |    42 |       ||    56
       Airstrike         |       |       |       |     1 |    28 |    13 ||    42
       Ignite Poison     |       |       |       |       |    42 |    15 ||    57
       Olgreb's Toxic Ra |       |       |       |       |    39 |    19 ||    58
Evoke: Wand              |       |       |       |     1 |     2 |       ||     3
  Use: Scroll            |       |     6 |     9 |    11 |     8 |     5 ||    39
       Potion            |       |     1 |     1 |       |     6 |     3 ||    11
 Stab: Sleeping          |       |       |     1 |       |       |       ||     1
Armor: Robe              |    10 |    10 |    28 |       |       |       ||    48
       Scale mail        |       |       |    40 |   349 |   642 |    91 ||  1122
       Troll leather arm |       |       |       |       |   578 |    76 ||   654
Dodge: Dodged            |    13 |    25 |    65 |   297 |   915 |   112 ||  1427
